 Dungeon Crawl Stone Soup version 0.19-a0-1834-g6b7851e (webtiles) character file.

903 hurricos the Slicer (level 8, -6/38 HPs)
             Began as a Vine Stalker Gladiator on Oct 9, 2016.
             Was a Priest of Uskayaw.
             Killed by nerve-wracking pain
             ... invoked by an orc priest
              (10 damage)
             ... on level 5 of the Dungeon.
             The game lasted 00:04:15 (3090 turns).

hurricos the Slicer (Vine Stalker Gladiator)        Turns: 3090, Time: 00:04:15

Health: -6/38      AC:  9    Str: 18    XL:     8   Next: 7%
Magic:  0/18       EV: 13    Int: 15    God:    Uskayaw [***...]
Gold:   260        SH:  0    Dex: 15    Spells: 0 memorised, 7 levels left

rFire  . . .     SeeInvis .     a - +0 rapier
rCold  + + .     Gourm    .     p - +3 leather armour "Dodymm" {rC+ Int+7 Dex-2}
rNeg   . . .     Faith    .     (no shield)
rPois  .         Spirit   +     c - +0 helmet
rElec  .         Dismiss  .     (no cloak)
rCorr  .         Reflect  .     (no gloves)
MR     +....     Harm     .     (no boots)
Stlth  +.........               (no amulet)
                                (no ring)
                                r - ring of magical power

@: very slightly contaminated, invisible
A: claws 1, fangs 3, molten scales 1, cold resistance 1, regeneration 1, magic
shield, antimagic bite, no device heal 3, rot immunity, sturdy frame 1
a: Stomp, Line Pass, Renounce Religion


You were on level 5 of the Dungeon.
You worshipped Uskayaw.
Uskayaw was noncommittal.
You were not hungry.

You visited 2 branches of the dungeon, and saw 6 of its levels.

You collected 260 gold pieces.

Inventory:

Hand Weapons
 a - a +0 rapier (weapon)
 g - a +0 hand axe of distortion
 y - the +7 glaive "Killer Klown's Regret" {chop, -Tele rElec rF+ Str+2}
   (You found it on level 5 of the Dungeon)

   It inflicts extra damage upon your enemies.
   It affects your strength (+2).
   It protects you from fire.
   It insulates you from electricity.
   It prevents most forms of teleportation.
Missiles
 d - a throwing net (quivered)
Armour
 b - a +0 leather armour
 c - a +0 helmet (worn)
 n - a +0 scale mail
 p - the +3 leather armour "Dodymm" (worn) {rC+ Int+7 Dex-2}
   (You took it off an orc on level 4 of the Dungeon)

   It affects your intelligence (+7).
   It affects your dexterity (-2).
   It protects you from cold.
Jewellery
 r - a ring of magical power (left claw)
Scrolls
 e - a scroll of remove curse
 h - a scroll of random uselessness
 i - a scroll of fog {unknown}
 j - a scroll of amnesia {unknown}
 k - a scroll of magic mapping {unknown}
 q - 2 scrolls of identify
 s - 3 scrolls of fear {unknown}
 x - a scroll of enchant weapon {unknown}
Potions
 l - a potion of haste {unknown}
 v - a potion of cancellation {unknown}
 z - a potion of magic {unknown}
Comestibles
 f - 2 chunks of flesh
 m - 3 fruits
 t - a slice of pizza
 u - a bread ration
 w - a meat ration


   Skills:
 - Level 1.7 Fighting
 * Level 8.2 Short Blades
 - Level 1.7 Throwing
 + Level 2.1 Armour
 - Level 2.4 Dodging


You had 7 spell levels left.
You didn't know any spells.

Dungeon Overview and Level Annotations

Branches:
Dungeon (5/15)             Temple (1/1) D:4

Altars:
Ashenzari
Cheibriados
Elyvilon
Fedhas
Kikubaaqudgha
Nemelex Xobeh
Qazlal
Ru
Sif Muna
Trog
Uskayaw
Vehumet
Yredelemnul
Zin


Innate Abilities, Weirdness & Mutations

You have razor-sharp teeth.
Your natural rate of healing is unusually fast.
When hurt, damage is shared between your health and your magic reserves.
Your bite disrupts and absorbs the magic of your enemies.
Potions and wands cannot restore your health.
You are immune to rotting.
You have sharp fingernails.
You are partially covered in molten scales. (AC +2)
Your flesh is cold resistant. (rC+)
Your movements are slightly less encumbered by armour. (ER -2)


Message History

The orc priest misses you.
Things that are here:
a dagger; a robe; an orc corpse You hit the orc priest.
The orc priest is moderately wounded.
The orc priest closely misses you. The ogre hits you with a giant club!!
Uskayaw will force your foes to helplessly watch your dance.
You hit the orc priest.
The orc priest is heavily wounded.
The orc priest mumbles some strange prayers to Beogh against you.
Pain shoots through your body! The ogre hits you with a giant club!
* * * LOW HITPOINT WARNING * * *
You are too injured to fight recklessly!
You fade into invisibility!
The orc priest hits you with a club.
* * * LOW HITPOINT WARNING * * *
You are very lightly contaminated with residual magic.
The orc priest invokes the aid of Beogh against something.
Pain shoots through your body!
You die...

#...# #..####.#######
#...#######..###........#
###.....#....#..........#
.#####.##)#..#.#........##
.........)........>.....'#
.#####.##)#.##..........##
.# #.##.........#..#'## .#
..##.....#####..#... #
...##.....'.@.oO.# ###
....##.....#####O##
.###.##.##### #....# #. #.
#.# ...### #.# ....# #.
.....# ......# ###.
.......# .... ....#####


You could see 2 ogres and an orc priest.

Vanquished Creatures
  Sigmund (D:4)
  The ghost of hurricos the Cutter, an amateur VSGl of Uskayaw (D:3)
  A sky beast (D:5)
  2 ogres
  A scorpion (D:4)
  An orc priest (D:4)
  4 orc wizards
  A worker ant (D:5)
  A howler monkey skeleton (D:5)
  4 adders
  An adder skeleton (D:4)
  5 worms
  A leopard gecko (D:5)
  11 orcs
  2 ball pythons
  3 bats
  3 giant cockroaches
  7 goblins
  4 hobgoblins
  4 jackals (D:2)
  5 kobolds
  A quokka (D:5)
  4 frilled lizards
  3 rats
71 creatures vanquished.

Notes
Turn   | Place    | Note
-------+----------+-------------------------------------------
     0 | D:1      | hurricos the Vine Stalker Gladiator began the quest for the Orb.
     0 | D:1      | Reached XP level 1. HP: 11/11 MP: 2/2
   119 | D:1      | Reached skill level 3 in Short Blades
   263 | D:1      | Reached XP level 2. HP: 14/15 MP: 3/3
   765 | D:2      | Reached XP level 3. HP: 14/18 MP: 4/4
   909 | D:2      | Reached skill level 4 in Short Blades
  1216 | D:2      | Gained mutation: Your natural rate of healing is unusually fast. [Vine Stalker growth]
  1216 | D:2      | Reached XP level 4. HP: 18/23 MP: 5/5
  1483 | D:3      | Noticed hurricos's ghost (amateur VSGl)
  1492 | D:3      | Gained mutation: Your movements are slightly less encumbered by armour. (ER -2) [potion of mutation]
  1492 | D:3      | Gained mutation: Your flesh is cold resistant. (rC+) [potion of mutation]
  1492 | D:3      | Gained mutation: Armour fits poorly on your strangely shaped body. [potion of mutation]
  1518 | D:3      | Gained mutation: You are partially covered in molten scales. (AC +2) [potion of mutation]
  1817 | D:3      | Killed hurricos's ghost
  1817 | D:3      | Reached skill level 5 in Short Blades
  1817 | D:3      | Reached XP level 5. HP: 4/26 MP: 2/6
  1817 | D:3      | Reached XP level 6. HP: 5/30 MP: 2/7
  1824 | D:3      | Reached skill level 6 in Short Blades
  2234 | D:4      | Found a staircase to the Ecumenical Temple.
  2243 | D:4      | Noticed Sigmund
  2261 | D:4      | Killed Sigmund
  2270 | Temple   | Entered the Ecumenical Temple
  2308 | Temple   | Became a worshipper of Uskayaw the Reveler
  2389 | D:4      | Reached * piety under Uskayaw
  2396 | D:4      | Reached ** piety under Uskayaw
  2406 | D:4      | Reached skill level 7 in Short Blades
  2406 | D:4      | Reached XP level 7. HP: 30/34 MP: 8/8
  2410 | D:4      | Reached *** piety under Uskayaw
  2454 | D:4      | Got a distressingly furry leather armour
  2465 | D:4      | Identified the +3 leather armour "Dodymm" {rC+ Int+7 Dex-2} (You took it off an orc on level 4 of the Dungeon)
  2615 | D:4      | Reached skill level 1 in Armour
  2893 | D:5      | Entered Level 5 of the Dungeon
  2940 | D:5      | Got a jewelled glaive
  2944 | D:5      | Identified the +7 glaive "Killer Klown's Regret" {chop, -Tele rElec rF+ Str+2} (You found it on level 5 of the Dungeon)
  2961 | D:5      | Lost mutation: Armour fits poorly on your strangely shaped body. [mutagenic meat]
  2964 | D:5      | Gained mutation: You have sharp fingernails. [mutagenic meat]
  3055 | D:5      | Reached skill level 8 in Short Blades
  3056 | D:5      | Gained mutation: You have razor-sharp teeth. [Vine Stalker growth]
  3056 | D:5      | Reached XP level 8. HP: 35/38 MP: 9/9
  3056 | D:5      | Reached **** piety under Uskayaw
  3090 | D:5      | Killed from afar by an orc priest

Vault maps used:
D:1:      minmay_arrival_up_and_down
D:2:      columned_hall_lemuel, serial_park_tiny_2, guppyfry_early_orc_mine
D:4:      first_bread, uniq_sigmund
D:5:      tso_altar, overflow_temple_1_default
Temple:   compressed_dpeg_circular_temple

Skill      XL: |  1  2  3  4  5  6  7 |
---------------+----------------------+-----
Short Blades   | 3 4 5 7 8 |  8.2
Armour         | 2 |  2.1
Fighting       | |  1.7
Throwing       | |  1.7
Dodging        | |  2.4

Action                   |  1- 3 |  4- 6 |  7- 9 || total
-------------------------+-------+-------+-------++-------
Melee: Rapier            |   102 |   121 |    84 ||   307
       Bite              |    43 |    41 |    30 ||   114
Throw: Throwing net      |       |       |     2 ||     2
  Use: Potion            |       |     8 |     1 ||     9
       Scroll            |       |       |     4 ||     4
 Stab: Sleeping          |     1 |       |       ||     1
       Invisible         |       |     5 |       ||     5
       Paralysed         |       |       |     2 ||     2
       Held in net/web   |       |       |     1 ||     1
  Eat: Chunk             |       |     3 |     2 ||     5
       Bread ration      |       |     1 |       ||     1
Armor: Leather armour    |     2 |       |    21 ||    23
       Chain mail        |     8 |       |       ||     8
       Scale mail        |    20 |    40 |     2 ||    62
Dodge: Dodged            |    44 |    56 |    30 ||   130
